 Dungeon Crawl Stone Soup version 0.31-a0-881-ge136f0c47a (webtiles) character file.

Game seed: 481734946957851151

3927 Psyclone the Thaumaturge (level 10, -7/50 HPs)
             Began as a Deep Elf Conjurer on Oct 15, 2023.
             Was an Initiate of Ashenzari.
             Mangled by an unseen horror (10 damage)
             ... on level 8 of the Dungeon.
             The game lasted 00:18:09 (9240 turns).

Psyclone the Thaumaturge (Deep Elf Conjurer)        Turns: 9240, Time: 00:18:09

Health: -7/50      AC:  3    Str:  4    XL:     10   Next: 1%
Magic:  24/30      EV: 12    Int: 28    God:    Ashenzari [......]
Gold:   246        SH:  0    Dex: 13    Spells: 17/38 levels left

rFire   + . .        d - staff of fire
rCold   . . .        (no shield)
rNeg    . . .        x - +1 robe
rPois   .            (no helmet)
rElec   .            (no cloak)
rCorr   .            (no gloves)
SInv    .            (no boots)
Will    +....        (no amulet)
Stlth   ++           (no ring)
HPRegen 0.28/turn    (no ring)
MPRegen 0.22/turn

%: no passive effects
@: no status effects
A: no striking features
a: Renounce Religion


You were on level 8 of the Dungeon.
You worshipped Ashenzari.
Ashenzari was noncommittal.
You visited 2 branches of the dungeon, and saw 9 of its levels.

You collected 363 gold pieces.
You spent 117 gold pieces at shops.

Inventory:

Missiles
 c - 3 throwing nets {!f}
Armour
 e - the +6 ring mail of the Ward {Str+5}
   (You found it on level 2 of the Dungeon)

   Str+5:     It affects your strength (+5).
 x - a +1 robe (worn)
Magical Staves
 d - a staff of fire (weapon)
Jewellery
 i - an amulet of magic regeneration
 q - a ring of protection from cold
Wands
 w - a wand of charming (5)
Scrolls
 f - 2 scrolls of revelation
 g - a scroll of fog {unknown}
 h - 2 scrolls of silence {unknown}
 k - 2 scrolls of identify {@r1}
 n - a scroll of enchant weapon {unknown}
 o - 5 scrolls of teleportation
 s - a scroll of acquirement {unknown}
 t - a scroll of immolation {unknown}
 v - a scroll of poison {unknown}
Potions
 a - a potion of curing
 b - a potion of magic
 j - 2 potions of attraction {unknown}
 l - a potion of mutation {unknown}
 m - a potion of enlightenment {unknown}
 p - a potion of ambrosia
 r - a potion of heal wounds {unknown}
 u - a potion of berserk rage {unknown}
 z - a potion of resistance {unknown}


   Skills:
 - Level 2.4 Dodging
 - Level 2.4 Stealth
 + Level 14.6 Spellcasting
 - Level 9.0 Conjurations
 - Level 6.0 Poison Magic


You had 17 spell levels left.
You knew the following spells:

 Your Spells              Type           Power      Damage    Failure   Level
a - Magic Dart            Conj           100%       1d8       1%          1
b - Searing Ray           Conj           100%       2d8       1%          2
c - Brom's Barrelling Bo  Conj/Erth      45%        2d6       3%          4
d - Fulminant Prism       Conj/Hex       22%        3d12      3%          4
e - Iskenderun's Mystic   Conj/Tloc      45%        2d10      3%          4
v - Poisonous Vapours     Pois/Air       74%        N/A       1%          2
x - Olgreb's Toxic Radia  Pois           52%        N/A       2%          4

Your spell library contained the following spells:

 Spells                   Type           Power      Damage    Failure   Level
 Sting                    Tmut/Pois      100%       1d8       1%          1
 Static Discharge         Conj/Air       90%        2-6/arc   1%          2
 Dazzling Flash           Conj/Hex       90%        N/A       1%          3
 Mephitic Cloud           Conj/Pois/Air  48%        N/A       1%          3
 Iskenderun's Battlesphe  Conj           63%        2d11      1%          5
 Call Imp                 Summ           40%        N/A       3%          2
 Fireball                 Conj/Fire      31%        3d13      11%         5
 Airstrike                Air            10%        2d(2-18)  26%         4
 Cause Fear               Hex            10%        N/A       26%         4
 Summon Lightning Spire   Summ/Air       20%        N/A       26%         4
 Orb of Destruction       Conj           31%        9d10      45%         7
 Conjure Ball Lightning   Conj/Air       22%        3x3d6     52%         6
 Dragon's Call            Summ           10%        N/A       100%        9


Dungeon Overview and Level Annotations

Branches:
Dungeon (8/15) Zot: 26973  Temple (1/1) D:7 Zot: 5969
   Lair: D:8-11

Altars:
Ashenzari
Cheibriados
Dithmenos
Fedhas
Gozag
Hepliaklqana
Kikubaaqudgha
Makhleb
Okawaru
Qazlal
Sif Muna
Trog
Uskayaw
Vehumet
Wu Jian
Xom
Yredelemnul
Zin
The Shining One

Shops:
D:6 [(*[

Annotations:
D:1 1 transporter
D:3 exclusion: 2 downstairs


Message History

Found a robe.
Something hits you.
Deactivating autopickup; reactivate with Ctrl-A.
Something hits you.
You take 8 damage, and have 42/50 hp.
Something hits you!
You take 9 damage, and have 33/50 hp.
Something hits you!
You take 8 damage, and have 25/50 hp.
Something barely misses you. Something hits you. Something barely misses you.
Something hits you.
You take 5 damage, and have 20/50 hp.
Casting: Searing Ray (safe; 1% risk of failure)
Confirm with . or Enter, or press ? or * to list all spells.
Aiming: Searing Ray (safe; 1% risk of failure)
Press: ? - help, Shift-Dir - straight line The searing ray hits something! (Press . to maintain the ray.)
Something hits you.
* * * LOW HITPOINT WARNING * * *
You take 6 damage, and have 14/50 hp.
You now have 28/30 mp.
You now have 27/30 mp.
The searing ray hits something!
Something hits you.
* * * LOW HITPOINT WARNING * * *
You take 1 damage, and have 13/50 hp.
You now have 26/30 mp.
You finish channelling your searing ray.
Something hits you!
* * * LOW HITPOINT WARNING * * *
You take 6 damage, and have 7/50 hp.
You now have 25/30 mp.
Casting: Searing Ray (safe; 1% risk of failure)
Confirm with . or Enter, or press ? or * to list all spells.
Aiming: Searing Ray (safe; 1% risk of failure)
Press: ? - help, Shift-Dir - straight line The searing ray hits something! (Press . to maintain the ray.)
Something hits you.
* * * LOW HITPOINT WARNING * * *
Something hits you!
You die...

...# #..#
#..# #..#
#..######
#........
#.#######
#.#
#@########
#.........
##..######
#..#
######..##
#........#
#.##.....#
#<##.....#
#.# #.##.#


There were no monsters in sight!

Vanquished Creatures
  Pikel (D:6)
  Maggie (D:6)
  3 yaks
  Eustachio (D:4)
  2 water moccasins (D:6)
  4 ice beasts
  2 black bears
  2 orc warriors (D:7)
  A sky beast (D:6)
  A centaur (D:5)
  A phantom (D:7)
  2 lemures (D:6)
  3 kobold brigands
  A gnoll sergeant (D:4)
  2 scorpions
  A vampire bat (D:5)
  A howler monkey (D:6)
  3 hounds
  2 orc priests
  3 jellies
  A gnoll bouda (D:7)
  Jessica (D:3)
  5 iguanas
  2 sleepcaps
  5 orc wizards
  9 gnolls
  9 adders
  A shadow imp (D:7)
  5 white imps
  5 worms
  A dart slug (D:3)
  3 fire bats (D:5)
  19 orcs
  2 spectral bats (D:5)
  4 ball pythons
  11 bats
  3 bat skeletons (D:5)
  A bat zombie (D:5)
  7 endoplasms
  2 giant cockroaches
  3 goblins
  8 hobgoblins
  11 kobolds
  2 quokkas
  A bat simulacrum (D:5)
  2 frilled lizards
  7 rats
167 creatures vanquished.

Vanquished Creatures (others)
  6 fulminant prisms (D:7)
6 creatures vanquished.

Grand Total: 173 creatures vanquished

Notes
Turn   | Place    | Note
-------+----------+-------------------------------------------
     0 | D:1      | Psyclone the Deep Elf Conjurer began the quest for the Orb.
     0 | D:1      | Reached XP level 1. HP: 10/10 MP: 6/6
   302 | D:1      | Reached XP level 2. HP: 15/15 MP: 4/8
   305 | D:1      | Learned a level 2 spell: Searing Ray
   410 | D:1      | Reached skill level 5 in Conjurations
   729 | D:2      | Reached XP level 3. HP: 19/19 MP: 6/9
   980 | D:2      | Identified the +6 ring mail of the Ward {Str+5}
  1006 | D:2      | Found a faded altar of an unknown god.
  1714 | D:3      | Noticed Jessica
  1716 | D:3      | Killed Jessica
  1717 | D:3      | Reached XP level 4. HP: 24/24 MP: 7/10
  2244 | D:3      | Found a basalt altar of Yredelemnul.
  2259 | D:3      | Found an ancient bone altar of Kikubaaqudgha.
  2259 | D:3      | Found an iron altar of Okawaru.
  2267 | D:3      | Reached XP level 5. HP: 12/28 MP: 3/11
  2708 | D:3      | Found a snail-covered altar of Cheibriados.
  2938 | D:4      | Found a shimmering blue altar of Sif Muna.
  2972 | D:4      | Reached XP level 6. HP: 31/32 MP: 4/12
  3443 | D:4      | Noticed Eustachio
  3456 | D:4      | Killed Eustachio
  3925 | D:4      | Found a hazy altar of Hepliaklqana.
  4057 | D:4      | Reached skill level 1 in Poison Magic
  4057 | D:4      | Reached XP level 7. HP: 34/36 MP: 3/14
  4154 | D:5      | Entered Level 5 of the Dungeon
  4428 | D:5      | Reached skill level 4 in Spellcasting
  4521 | D:5      | Reached skill level 5 in Spellcasting
  5084 | D:5      | Reached skill level 6 in Spellcasting
  5189 | D:5      | Found an ornate altar of the Wu Jian Council.
  5189 | D:5      | Found an opulent altar of Gozag.
  5217 | D:5      | Found a glowing silver altar of Zin.
  5261 | D:5      | Reached XP level 8. HP: 41/41 MP: 2/19
  5765 | D:5      | Reached skill level 5 in Poison Magic
  5855 | D:6      | Found Sifec's Antique Armour Shoppe.
  5861 | D:6      | Reached skill level 7 in Spellcasting
  6136 | D:6      | Reached skill level 8 in Spellcasting
  6161 | D:5      | Reached skill level 9 in Spellcasting
  6384 | D:5      | Learned a level 4 spell: Olgreb's Toxic Radiance
  6387 | D:5      | Learned a level 2 spell: Poisonous Vapours
  6392 | D:5      | Learned a level 4 spell: Fulminant Prism
  6397 | D:5      | Learned a level 4 spell: Iskenderun's Mystic Blast
  6402 | D:5      | Learned a level 4 spell: Brom's Barrelling Boulder
  6672 | D:6      | Found Kunnenk's Assorted Antiques.
  6739 | D:6      | Bought a scroll labelled OSOZEK GYNOA for 30 gold pieces
  6739 | D:6      | Bought a fuming red potion for 27 gold pieces
  6739 | D:6      | Bought a scroll labelled WUOMORHIDA for 30 gold pieces
  6739 | D:6      | Bought a scroll labelled WOADWI ITUCLEKE for 30 gold pieces
  6875 | D:6      | Reached skill level 10 in Spellcasting
  6875 | D:6      | Reached XP level 9. HP: 26/45 MP: 19/25
  7074 | D:6      | Noticed Pikel
  7097 | D:6      | Killed Pikel
  7098 | D:6      | Reached skill level 11 in Spellcasting
  7229 | D:6      | Found Feaz's Weapon Shoppe.
  7239 | D:6      | Found Kamet's Armour Emporium.
  7402 | D:6      | Noticed Maggie
  7417 | D:6      | Killed Maggie
  7418 | D:6      | Reached skill level 12 in Spellcasting
  7661 | D:6      | Reached skill level 13 in Spellcasting
  7661 | D:6      | HP: 2/45 [ice beast (11)]
  7879 | D:6      | Found a glowing golden altar of the Shining One.
  7969 | D:7      | Found a bloodstained altar of Trog.
  8089 | D:7      | Reached skill level 14 in Spellcasting
  8204 | D:7      | Found a staircase to the Ecumenical Temple.
  8228 | D:7      | HP: 2/45 [ice beast (12)]
  8393 | Temple   | Entered the Ecumenical Temple
  8408 | Temple   | Became a worshipper of Ashenzari the Shackled
  8957 | D:7      | Reached XP level 10. HP: 50/50 MP: 22/30
  9240 | D:8      | Mangled by an unseen horror

Illustrated notes

Levels and vault maps discovered:
D:1:      spicycebolla_arrival_risky_transporter, layout_rooms, minmay_unequal
D:2:      layout_basic, nicolae_ecumenical_lake_church,
          minmay_fractal_squares_gapless_5
D:3:      wander_river, layout_loops_ring, kennysheep_slug_shrine,
          gammafunk_temple_overflow_forgotten, uniq_jessica
D:4:      layout_rooms, led_sif_book, mainiacjoe_overflow_alcove_1,
          grunt_ministairs_2, minivault_25, uniq_eustachio
D:5:      layout_loops_ring, mainiacjoe_overflow_concentric_impassable,
          nicolae_overflow_two_pavilions, roderic_lattice_a, goddamned_bats
D:6:      layout_rooms, tso_altar, serial_shops, shop,
          nicolae_shop_bloodbath_and_beyond, nicolae_stop_n_shop_1, shop,
          dk_vineyard_1, uniq_pikel, uniq_maggie
D:7:      layout_basic, trog_antimagical, minmay_temple_entry_tees, minivault_4
D:8:      layout_loops_ring
Temple:   hellmonk_temple_forest_ring

Skill      XL: |  1  2  3  4  5  6  7  8  9 |
---------------+----------------------------+-----
Conjurations   | 5 6 7 8 9 |  9.0
Poison Magic   | 1 4 6 |  6.0
Spellcasting   | 6 10 14 | 14.6
Dodging        | |  2.4
Stealth        | |  2.4

Action                     |  1- 3 |  4- 6 |  7- 9 | 10-12 || total
---------------------------+-------+-------+-------+-------++-------
  Melee: Staff             |       |     7 |     3 |       ||    10
   Cast: Magic Dart        |    46 |    76 |   113 |     1 ||   236
         Searing Ray       |     4 |    10 |    49 |     4 ||    67
         Poisonous Vapours |       |       |     8 |       ||     8
         Fulminant Prism   |       |       |     6 |       ||     6
         Olgreb's Toxic Ra |       |       |     2 |       ||     2
    Use: Scroll            |     3 |     1 |     1 |       ||     5
         Potion            |     3 |     1 |     1 |       ||     5
 Armour: Ring mail         |     1 |    56 |    83 |       ||   140
         Robe              |       |       |    27 |    15 ||    42
  Dodge: Dodged            |     1 |    27 |    69 |     2 ||    99

Table legend: (Time is in decaauts)
 A = Elapsed time spent in this place.
 B = Non-inter-level travel time spent in this place.
 C = Inter-level travel time spent in this place.
 D = Time resting spent in this place.
 E = Time spent auto-exploring this place.
 F = Levels seen in this place.
 G = Mean time per level.
                   A        B        C        D        E       F      G
               +--------+--------+--------+--------+--------+-----+--------+
         Total |   9253 |   9025 |    228 |   1918 |   5661 |   9 | 1028.1 |
       Dungeon |   9222 |   9023 |    199 |   1918 |   5661 |   8 | 1152.8 |
        Temple |     30 |      1 |     29 |      0 |      0 |   1 |   30.0 |
               +--------+--------+--------+--------+--------+-----+--------+

Top non-repeatable levels by time:
     D:5: 2169 daAuts
     D:6: 1590 daAuts
     D:3: 1335 daAuts
     D:7: 1273 daAuts
     D:4: 1137 daAuts
     D:2: 998 daAuts
     D:1: 693 daAuts
  Temple: 30 daAuts
     D:8: 25 daAuts
